 Dungeon Crawl Stone Soup version 0.27-a0-931-g5a74e75d8f (webtiles) character file.

Game seed: 4301846301355424398

77 Alarkh the Ruffian (level 4, 35/35 HPs)
             Began as a Demonspawn Gladiator on Apr 10, 2021.
             Got out of the dungeon alive.
             The game lasted 00:01:37 (1680 turns).

Alarkh the Ruffian (Demonspawn Gladiator)           Turns: 1680, Time: 00:01:38

Health: 35/35      AC:  4    Str: 15    XL:     4   Next: 13%
Magic:  4/4        EV: 12    Int: 10    God:
Gold:   61         SH:  0    Dex: 14    Spells: 3/3 levels left

rFire    . . .     SeeInvis .     - Unarmed
rCold    . . .     Faith    .   (no shield)
rNeg     . . .     Spirit   .   a - +0 leather armour
rPois    .         Reflect  .   (helmet restricted)
rElec    .         Harm     .   (no cloak)
rCorr    .         Rampage  .   (no gloves)
Will     .....                  e - +0 pair of boots
Stlth    +.........             (no amulet)
HPRegen  0.11/turn              (no ring)
MPRegen  0.09/turn              (no ring)

@: no status effects
A: horns 1, spiny 1
a: no special abilities


You escaped.
You visited 1 branch of the dungeon, and saw 2 of its levels.

You collected 61 gold pieces.

Inventory:

Missiles
 c - 3 throwing nets (quivered)
Armour
 a - a +0 leather armour (worn)
 b - a +0 helmet
 e - a +0 pair of boots (worn)
Scrolls
 d - a scroll of magic mapping {unknown}
 f - a scroll of silence {unknown}
 g - a scroll of noise {unknown}
 i - a scroll of vulnerability {unknown}
 j - a scroll of summoning {unknown}
Potions
 h - a potion of magic {unknown}


   Skills:
 + Level 3.0 Fighting
 - Level 1.7 Throwing
 - Level 2.6 Dodging
 * Level 4.0 Unarmed Combat


You had 3 spell levels left.
You didn't know any spells.
Your spell library contained the following spells:

 Spells                   Type           Power      Damage    Failure   Level
 Animate Skeleton         Necr           0%         N/A       43%         1
 Apportation              Tloc           0%         N/A       43%         1
 Corona                   Hex            0%         N/A       43%         1
 Summon Small Mammal      Summ           0%         N/A       43%         1


Dungeon Overview and Level Annotations

Branches:
Dungeon (2/15)

Altars:


Innate Abilities, Weirdness & Mutations

You have a pair of small horns on your head.
You are partially covered in sharp spines.


Message History

HP restored.
You start resting.
HP restored.
You climb downwards.
The gnoll is struck by your spines. The gnoll closely misses you. x2
There is a stone staircase leading up here.
You closely miss the gnoll.
The gnoll is lightly wounded.
You hit the gnoll but do no damage.
The gnoll is lightly wounded.
The gnoll is struck by your spines. The gnoll closely misses you.
You hit the gnoll.
The gnoll is heavily wounded.
The gnoll barely misses you.
You closely miss the gnoll.
The gnoll is heavily wounded.
The gnoll hits you with a +0 club.
You hit the gnoll. Your punch misses the gnoll.
The gnoll is severely wounded.
The gnoll hits you with a +0 club.
You punch the gnoll!
You kill the gnoll!
Your Fighting skill increases to level 3!
You have reached level 4!
You feel stronger.
Your demonic ancestry asserts itself...
A pair of horns grows on your head!
Your +0 helmet falls away!
You climb upwards.
There is a stone staircase leading down here.
Unknown command.
Unknown command.
Unknown command.
Unknown command.
Unknown command.
Unknown command.
Unknown command.
HP restored.
There is a staircase leading out of the dungeon here.
Are you sure you want to leave the Dungeon?
This will make you lose the game!
You have escaped!

######## #.......
###############
#.######
#..≈≈.....P..@#
#.#
#.≈≈PPP..P.P.P##
#.#
#.P≈...PP.≈P.#P##
#.#
#.P..........#..#
#####.######
#.≈≈.....P...≈≈.#
#...#.##....
##.≈.≈..P..P.≈≈##
###.#.##.###
#.......P..P.≈≈P#
#........###
#.P.P.≈....P.P≈.#
###.#.......
##..≈....P..≈.≈##
#.#####.##


There were no monsters in sight!

Vanquished Creatures
  3 gnolls (D:2)
  3 bats
  3 endoplasms (D:2)
  2 goblins
  7 hobgoblins
  14 jackals
  2 kobolds
  A quokka (D:1)
  3 ball pythons
  2 frilled lizards
  A rat (D:1)
41 creatures vanquished.

Notes
Turn   | Place    | Note
-------+----------+-------------------------------------------
     0 | D:1      | Alarkh the Demonspawn Gladiator began the quest for the
                  | Orb.
     0 | D:1      | Reached XP level 1. HP: 16/16 MP: 1/1
   220 | D:1      | Reached skill level 3 in Unarmed Combat
   323 | D:1      | Gained mutation: You are partially covered in sharp spines.
                  | [demonic ancestry]
   323 | D:1      | Reached XP level 2. HP: 15/22 MP: 2/2
   997 | D:2      | Reached XP level 3. HP: 28/28 MP: 3/3
  1424 | D:2      | Reached skill level 4 in Unarmed Combat
  1602 | D:2      | Gained mutation: You have a pair of small horns on your
                  | head. [demonic ancestry]
  1602 | D:2      | Reached XP level 4. HP: 32/35 MP: 4/4
  1680 | D:$      | Got out of the dungeon alive.

Illustrated notes

Levels and vault maps discovered:
D:1:      lemuel_arrival_muddy, layout_loops_ring
D:2:      layout_basic

Skill      XL: |  1  2  3 |
---------------+----------+-----
Unarmed Combat | 3 4 |  4.0
Fighting       | 3 |  3.0
Throwing       | |  1.7
Dodging        | |  2.6

Action                   |  1- 3 |  4- 6 || total
-------------------------+-------+-------++-------
Melee: Unarmed           |   114 |       ||   114
       Punch             |     2 |       ||     2
 Stab: Sleeping          |     2 |       ||     2
Armor: Leather armour    |    15 |       ||    15
Dodge: Dodged            |    76 |       ||    76

Table legend: (Time is in decaauts)
 A = Elapsed time spent in this place.
 B = Non-inter-level travel time spent in this place.
 C = Inter-level travel time spent in this place.
 D = Time resting spent in this place.
 E = Time spent auto-exploring this place.
 F = Levels seen in this place.
 G = Mean time per level.
                   A        B        C        D        E       F      G
               +--------+--------+--------+--------+--------+-----+--------+
         Total |   1676 |   1561 |    115 |    382 |    917 |   2 |  838.0 |
       Dungeon |   1676 |   1561 |    115 |    382 |    917 |   2 |  838.0 |
               +--------+--------+--------+--------+--------+-----+--------+

Top non-repeatable levels by time:
     D:1: 1176 daAuts
     D:2: 499 daAuts
